 Dungeon Crawl Stone Soup version 0.31.0-9-g3a7656b989 (webtiles) character file.

Game seed: 2474729633058029302

84 qw the Shooter (level 4, 0/25 HPs)
             Began as a Deep Elf Hunter on Feb 2, 2024.
             Killed from afar by an orc wizard (3 damage)
             ... with a magic dart
             ... on level 3 of the Dungeon.
             The game lasted 00:00:04 (1597 turns).

qw the Shooter (Deep Elf Hunter)                    Turns: 1597, Time: 00:00:05

Health: 0/25       AC:  7    Str: 10    XL:     4   Next: 23%
Magic:  6/6        EV: 12    Int: 14    God:
Gold:   137        SH:  0    Dex: 18    Spells: 3/3 levels left

rFire   . . .        l - +2 longbow
rCold   . . .        (shield currently unavailable)
rNeg    . . .        c - +0 leather armour
rPois   .            (no helmet)
rElec   .            (no cloak)
rCorr   +            f - +0 pair of gloves
SInv    .            g - +2 pair of boots
Will    .....        (no amulet)
Stlth   ++           b - ring of resist corrosion
HPRegen 0.24/turn    (no ring)
MPRegen 0.10/turn

%: no passive effects
@: no status effects
A: no striking features
a: no special abilities


You were on level 3 of the Dungeon.
You visited 1 branch of the dungeon, and saw 3 of its levels.

You collected 137 gold pieces.


   Skills:
 - Level 1.5 Fighting
 + Level 7.6 Ranged Weapons
 - Level 2.4 Dodging
 - Level 1.2 Stealth


You had 3 spell levels left.
You didn't know any spells.
Your spell library was empty.

Inventory:

Hand Weapons
 l - a +2 longbow (weapon)
Armour
 c - a +0 leather armour (worn)
 f - a +0 pair of gloves (worn)
 g - a +2 pair of boots (worn)
Jewellery
 b - a ring of resist corrosion (left hand)
Scrolls
 h - a scroll of identify {unknown}
 k - 3 scrolls of teleportation
Potions
 a - a potion of attraction {unknown}
 d - a potion of might
 e - a potion of resistance {unknown}
 j - a potion of enlightenment {unknown}

Dungeon Overview and Level Annotations

Branches:
Dungeon (3/15)

Altars:
Hepliaklqana


Message History

An endoplasm comes into view.
You shoot an arrow. The arrow hits the endoplasm!
You kill the endoplasm!
An orc comes into view. It is wielding a +0 trident.
You shoot an arrow.
The arrow hits the orc priest but does no damage.
The orc priest is severely wounded.
You shoot an arrow.
The arrow hits the orc priest but does no damage.
The orc priest is severely wounded.
The orc priest hits you but does no damage.
You shoot an arrow.
The arrow hits the orc priest but does no damage.
The orc priest is severely wounded.
The orc priest calls down the wrath of Beogh upon you.
Pain shoots through your body!
Ouch! That really hurt!
An orc wizard comes into view. It is wielding a +0 dagger.
The orc priest completely misses you.
The orc wizard moves out of view.
You shoot an arrow. The arrow hits the orc priest!
You kill the orc priest!
The orc hits you from afar with a +0 trident.
You have reached level 4!
You feel clever.
You shoot an arrow. The arrow closely misses the orc.
You hear a shout!
The orc hits you from afar with a +0 trident.
The orc closely misses you.
1594 ||| READING 4 scrolls of teleportation.
As you read the scroll of teleportation, it crumbles to dust.
You feel strangely unstable. The orc closely misses you.
You shoot an arrow. The arrow closely misses the orc.
The orc closely misses you.
You shoot an arrow. The arrow hits the orc!
You kill the orc!
You shoot an arrow. The arrow misses the orc wizard.
Your surroundings seem slightly different.
The orc wizard gestures at you while chanting.
The magic dart hits you.
You die...

......
.......##
.......#
.......####.# #
..<...... ..#
.#
.......####.##.
#o......).....
#)....@.....#
#ยค########..#
#.# ####..# #.#
#.%)..# #.#
#.###.#
#.#####.###.#
#...........#
#######.#####
#.#


You could see an orc wizard.

Vanquished Creatures
  An orc priest (D:3)
  An adder (D:2)
  A dart slug (D:1)
  3 orcs (D:3)
  3 ball pythons
  4 endoplasms
  A giant cockroach (D:1)
  2 goblins
  3 hobgoblins
  4 jackals (D:1)
  3 quokkas (D:1)
  2 bats (D:1)
  5 kobolds
  6 rats
39 creatures vanquished.

Notes
Turn   | Place    | Note
-------+----------+-------------------------------------------
     0 | D:1      | qw the Deep Elf Hunter began the quest for the Orb.
     0 | D:1      | Reached XP level 1. HP: 12/12 MP: 3/3
     0 | D:1      | 0 ||| qw: Version: 0.3-a-155-g5e7d8dd
     0 | D:1      | 0 ||| qw: Game counter: 1321
     0 | D:1      | 0 ||| qw: Melee chars always use a shield: true
     0 | D:1      | 0 ||| qw: God list: Okawaru
     0 | D:1      | 0 ||| qw: Allow faded altars: false
     0 | D:1      | 0 ||| qw: Do Orc after clearing Dungeon:15 true
     0 | D:1      | 0 ||| qw: Do second Lair branch before Depths: true
     0 | D:1      | 0 ||| qw: Lair rune preference: random
     0 | D:1      | 0 ||| qw: Goals: Normal
     0 | D:1      | 0 ||| PLANNING D:1-11
    22 | D:1      | 22 ||| DROPPING scroll of butterflies.
    26 | D:1      | 26 ||| RETREEEEATING.
    44 | D:1      | Reached skill level 6 in Ranged Weapons
    44 | D:1      | Reached XP level 2. HP: 7/16 MP: 4/4
   240 | D:1      | Found a hazy altar of Hepliaklqana.
   810 | D:1      | 810 ||| UPGRADING to ring of resist corrosion.
   837 | D:2      | Reached XP level 3. HP: 20/20 MP: 5/5
  1265 | D:2      | 1265 ||| SWAPPING to +0 longbow.
  1266 | D:2      | 1266 ||| DROPPING +0 shortbow.
  1282 | D:2      | Reached skill level 7 in Ranged Weapons
  1508 | D:2      | 1508 ||| UPGRADING to +0 pair of gloves.
  1513 | D:2      | 1513 ||| UPGRADING to +2 pair of boots.
  1518 | D:2      | 1518 ||| READING scroll labelled CAINGUSUDUU.
  1518 | D:2      | 1518 ||| ENCHANTING +0 longbow.
  1519 | D:2      | 1519 ||| READING scroll labelled LIAHAS EWAGGUO.
  1520 | D:2      | 1520 ||| READING 5 scrolls labelled HAZIMO WOATEAR.
  1523 | D:2      | 1523 ||| DRINKING 2 amethyst potions.
  1566 | D:3      | 1566 ||| READING scroll of enchant weapon.
  1566 | D:3      | 1566 ||| ENCHANTING +1 longbow.
  1592 | D:3      | HP: 5/20 [orc/+0 trident (4)]
  1593 | D:3      | Reached XP level 4. HP: 7/25 MP: 6/6
  1593 | D:3      | HP: 2/25 [orc/+0 trident (5)]
  1594 | D:3      | 1594 ||| READING 4 scrolls of teleportation.
  1597 | D:3      | Killed from afar by an orc wizard

Levels and vault maps discovered:
D:1:      dpeg_arrival_lava_altar, layout_loops_ring, dk_noncrumbling_2,
          minivault_27, nicolae_concentric_dashed_squares_mild,
          minmay_pentomino_s2
D:2:      layout_loops_cross, kennysheep_pointless_box
D:3:      layout_loops_ring

Skill      XL: |  1  2  3 |
---------------+----------+-----
Ranged Weapons | 6 7 |  7.6
Fighting       | |  1.5
Dodging        | |  2.4
Stealth        | |  1.2

Action                     |  1- 3 |  4- 6 || total
---------------------------+-------+-------++-------
   Fire: Shortbow          |    69 |       ||    69
         Longbow           |    24 |     4 ||    28
    Use: Scroll            |     4 |     1 ||     5
         Potion            |     1 |       ||     1
 Armour: Leather armour    |    22 |     2 ||    24
  Dodge: Dodged            |    21 |     3 ||    24

Table legend:
 A = Non-vault XP
 B = Vault XP
 C = Vault XP percentage of total XP
 D = Non-vault monster count
 E = Vault monster count
 F = Vault count percentage of total count
                 A         B        C        D         E       F
            +---------+---------+-------+---------+---------+-------
      Total |     117 |       3 |   2.5 |      37 |       2 |   5.1
            +---------+---------+-------+---------+---------+-------
        D:1 |      36 |       3 |   7.7 |      20 |       2 |   9.1
        D:2 |      27 |       0 |   0.0 |      11 |       0 |   0.0
        D:3 |      54 |       0 |   0.0 |       6 |       0 |   0.0
            +---------+---------+-------+---------+---------+-------
